TOP OF THE 1ST |
Charlotte Knights batting - Pitching for Fresno Grizzlies : RHP Kyle McPeak
|
Pitching: RHP Kyle McPeak
|
|
Batting: LHB John Thurman
|
0-0: Foul Ball, location: 2F 0-1: Ground out 4-3 (Groundball, 4, EV 92.5 MPH)
|
Batting: LHB Carlos Ramirez
|
0-0: Ball 1-0: Ball 2-0: Ball 3-0: Called Strike 3-1: Ground out 5-3 (Groundball, 6, EV 83.1 MPH)
|
Batting: LHB Joe Kirkland
|
0-0: Called Strike 0-1: Called Strike 0-2: Strikes out looking
|
Top of the 1st over - 0 runs, 0 hits, 0 errors, 0 left on base; Charlotte 0 - Fresno 0 |
BOTTOM OF THE 1ST |
Fresno Grizzlies batting - Pitching for Charlotte Knights : RHP Marvin Velasco
|
Pitching: RHP Marvin Velasco
|
|
Batting: SHB Bryan Johnston
|
0-0: Ground out 5-3 (Groundball, 5, EV 86.2 MPH)
|
Batting: LHB Jimmy Edlin
|
0-0: Ball 1-0: Foul Ball, location: 2F 1-1: Swinging Strike 1-2: Ball 2-2: Ball 3-2: Base on Balls
|
Batting: RHB Marty King
|
0-0: Ball Jimmy Edlin is caught stealing 2nd base 2-4 1-0: Ball 2-0: Ball 3-0: Called Strike 3-1: Swinging Strike 3-2: Foul Ball, location: 2F 3-2: Foul Ball, location: 2F 3-2: Strikes out swinging
|
Bottom of the 1st over - 0 runs, 0 hits, 0 errors, 0 left on base; Charlotte 0 - Fresno 0 |
TOP OF THE 2ND |
Charlotte Knights batting - Pitching for Fresno Grizzlies : RHP Kyle McPeak
|
Batting: RHB Fletcher Easter
|
0-0: Called Strike 0-1: Ball 1-1: Called Strike 1-2: Ball 2-2: Ground out 2-3 (Groundball, 15S, EV 66.9 MPH)
|
Batting: SHB Matt Childers
|
0-0: Ball 1-0: Swinging Strike 1-1: Ball 2-1: Called Strike 2-2: Foul Ball, location: 2F 2-2: Strikes out swinging
|
Batting: LHB Ricardo Pagan
|
0-0: Called Strike 0-1: Ball 1-1: Swinging Strike 1-2: Ball 2-2: Ground out 4-3 (Groundball, 4, EV 85.6 MPH)
|
Top of the 2nd over - 0 runs, 0 hits, 0 errors, 0 left on base; Charlotte 0 - Fresno 0 |
BOTTOM OF THE 2ND |
Fresno Grizzlies batting - Pitching for Charlotte Knights : RHP Marvin Velasco
|
Batting: RHB Elijah Hunter
|
0-0: Called Strike 0-1: Ball 1-1: Ground out 6-3 (Groundball, 6, EV 87.5 MPH)
|
Batting: SHB Troy Kenyon
|
0-0: Foul Ball, location: 2F 0-1: Ground out U3 (Groundball, 3L, EV 105.0 MPH)
|
Batting: SHB Paskar Adegoke
|
0-0: Ball 1-0: Ball 2-0: Ground out 6-3 (Groundball, 4M, EV 88.8 MPH)
|
Bottom of the 2nd over - 0 runs, 0 hits, 0 errors, 0 left on base; Charlotte 0 - Fresno 0 |
TOP OF THE 3RD |
Charlotte Knights batting - Pitching for Fresno Grizzlies : RHP Kyle McPeak
|
Batting: LHB Adam Tarbutton
|
0-0: Ball 1-0: Swinging Strike 1-1: Called Strike 1-2: Ball 2-2: Foul Ball, location: 2F 2-2: Ball 3-2: Foul Ball, location: 2F 3-2: Strikes out swinging
|
Batting: RHB Kikuo Sato
|
0-0: Ball 1-0: Called Strike 1-1: Fly out, F5 (Line Drive, 5L, EV 60.6 MPH)
|
Batting: RHB Steve Waltenbery
|
0-0: Ball 1-0: Called Strike 1-1: Foul Ball, location: 2F 1-2: Strikes out looking
|
Top of the 3rd over - 0 runs, 0 hits, 0 errors, 0 left on base; Charlotte 0 - Fresno 0 |
BOTTOM OF THE 3RD |
Fresno Grizzlies batting - Pitching for Charlotte Knights : RHP Marvin Velasco
|
Batting: RHB Xavier Castaneda
|
0-0: Ball 1-0: Ball 2-0: Ball 3-0: Called Strike 3-1: Foul Ball, location: 2F 3-2: Ground out 5-3 (Groundball, 56, EV 86.2 MPH)
|
Batting: RHB Edgar Trejo
|
0-0: Swinging Strike 0-1: Called Strike 0-2: Ball 1-2: Ball 2-2: Strikes out swinging
|
Batting: RHB Workneh Lagat
|
0-0: Called Strike 0-1: Ball 1-1: TRIPLE (Flyball, 8RXD, EV 91.9 MPH)
|
Batting: SHB Bryan Johnston
|
0-0: Ball 1-0: Ball 2-0: Ground out 5-3 (Groundball, 56S, EV 75.0 MPH)
|
Bottom of the 3rd over - 0 runs, 1 hit, 0 errors, 1 left on base; Charlotte 0 - Fresno 0 |
TOP OF THE 4TH |
Charlotte Knights batting - Pitching for Fresno Grizzlies : RHP Kyle McPeak
|
Batting: LHB John Thurman
|
0-0: Ball 1-0: Called Strike 1-1: Fly out, F8 (Flyball, 89S, EV 96.2 MPH)
|
Batting: LHB Carlos Ramirez
|
0-0: SINGLE (Groundball, 4D, EV 111.2 MPH)
|
Batting: LHB Joe Kirkland
|
0-0: Ball 1-0: Called Strike 1-1: Ball 2-1: Ball 3-1: Base on Balls Carlos Ramirez to second
|
Batting: RHB Fletcher Easter
|
0-0: Ball 1-0: Called Strike 1-1: Fielders Choice at 2nd, 3-6 (Groundball, 34S, EV 86.9 MPH) Carlos Ramirez to third
|
Batting: SHB Matt Childers
|
0-0: Fielders Choice at 2nd, 5-4 (Groundball, 56, EV 106.2 MPH)
|
Top of the 4th over - 0 runs, 1 hit, 0 errors, 2 left on base; Charlotte 0 - Fresno 0 |
BOTTOM OF THE 4TH |
Fresno Grizzlies batting - Pitching for Charlotte Knights : RHP Marvin Velasco
|
Batting: LHB Jimmy Edlin
|
0-0: Ball 1-0: SINGLE (Flyball, 8RS, EV 96.9 MPH)
|
Batting: RHB Marty King
|
0-0: Called Strike 0-1: Fly out, F9 (Flyball, 9D, EV 88.1 MPH)
|
Batting: RHB Elijah Hunter
|
0-0: Called Strike Jimmy Edlin is caught stealing 2nd base 2-4 0-1: Ball 1-1: Called Strike 1-2: Foul Ball, location: 2F 1-2: Ball 2-2: Fly out, F7 (Flyball, 7S, EV 88.8 MPH)
|
Bottom of the 4th over - 0 runs, 1 hit, 0 errors, 0 left on base; Charlotte 0 - Fresno 0 |
TOP OF THE 5TH |
Charlotte Knights batting - Pitching for Fresno Grizzlies : RHP Kyle McPeak
|
Batting: LHB Ricardo Pagan
|
0-0: Swinging Strike 0-1: Foul Ball, location: 2F 0-2: Strikes out swinging
|
Batting: LHB Adam Tarbutton
|
0-0: Called Strike 0-1: SINGLE (Flyball, 3D, EV 88.8 MPH)
|
Batting: RHB Kikuo Sato
|
0-0: Called Strike 0-1: SINGLE (Groundball, 34D, EV 106.9 MPH) Adam Tarbutton to second Runner from 2nd tries for 3rd, SAFE, throw by RF made to third
|
Batting: RHB Steve Waltenbery
|
0-0: Ball 1-0: Called Strike 1-1: Fly out, F9 (Line Drive, 9, EV 103.1 MPH)
|
Batting: LHB John Thurman
|
0-0: Called Strike 0-1: Foul Ball, location: 2F 0-2: Ball 1-2: SINGLE (Groundball, 25, EV 75.0 MPH) (infield hit) Adam Tarbutton scores Kikuo Sato to second
|
Batting: LHB Carlos Ramirez
|
0-0: Fly out, F5 (Popup, 15S, EV 81.2 MPH)
|
Top of the 5th over - 1 run, 3 hits, 0 errors, 2 left on base; Charlotte 1 - Fresno 0 |
BOTTOM OF THE 5TH |
Fresno Grizzlies batting - Pitching for Charlotte Knights : RHP Marvin Velasco
|
Batting: SHB Troy Kenyon
|
0-0: Ball 1-0: Ball 2-0: Foul Ball, location: 2F 2-1: Foul Ball, location: 2F 2-2: Foul Ball, location: 2F 2-2: Ball 3-2: SINGLE (Line Drive, 9S, EV 99.4 MPH)
|
Batting: SHB Paskar Adegoke
|
0-0: Foul Ball, location: 2F 0-1: Ball 1-1: Ball 2-1: Ball 3-1: Called Strike 3-2: Strikes out looking
|
Batting: RHB Xavier Castaneda
|
0-0: Called Strike 0-1: Fly out, F7 (Flyball, 7, EV 86.2 MPH)
|
Batting: RHB Edgar Trejo
|
0-0: Foul Ball, location: 2F 0-1: Ball 1-1: Ball 2-1: Fly out, F9 (Flyball, 89M, EV 77.5 MPH)
|
Bottom of the 5th over - 0 runs, 1 hit, 0 errors, 1 left on base; Charlotte 1 - Fresno 0 |
TOP OF THE 6TH |
Charlotte Knights batting - Pitching for Fresno Grizzlies : RHP Kyle McPeak
|
Batting: LHB Joe Kirkland
|
0-0: Called Strike 0-1: Called Strike 0-2: Ball 1-2: Foul Ball, location: 2F 1-2: SINGLE (Line Drive, 3D, EV 102.5 MPH)
|
Batting: RHB Fletcher Easter
|
0-0: Fielders Choice at 2nd, 4-6 (Groundball, 4, EV 90.0 MPH)
|
Batting: SHB Matt Childers
|
0-0: Foul Ball, location: 2F 0-1: SINGLE (Groundball, 3D, EV 105.6 MPH) Fletcher Easter to second Runner from 2nd tries for 3rd, SAFE, throw by RF made to third Matt Childers to second
|
Batting: LHB Ricardo Pagan
|
0-0: Ball 1-0: Ball Wild Pitch! Fletcher Easter scores Matt Childers to third 2-0: Called Strike 2-1: Ball 3-1: Base on Balls
|
Batting: LHB Adam Tarbutton
|
0-0: Swinging Strike 0-1: Ball 1-1: Swinging Strike 1-2: Strikes out swinging
|
Pitching: RHP Bill Garcia
|
|
Batting: RHB Kikuo Sato
|
0-0: Called Strike 0-1: Called Strike 0-2: Strikes out swinging
|
Top of the 6th over - 1 run, 2 hits, 0 errors, 2 left on base; Charlotte 2 - Fresno 0 |
BOTTOM OF THE 6TH |
Fresno Grizzlies batting - Pitching for Charlotte Knights : RHP Marvin Velasco
|
Batting: RHB Workneh Lagat
|
0-0: Ground out 4-3 (Groundball, 4, EV 98.8 MPH)
|
Batting: SHB Bryan Johnston
|
0-0: Swinging Strike 0-1: Foul Ball, location: 2F 0-2: Strikes out looking
|
Batting: LHB Jimmy Edlin
|
0-0: Foul Ball, location: 2F 0-1: Ball 1-1: Ball 2-1: Ball 3-1: Base on Balls
|
Batting: RHB Marty King
|
0-0: Called Strike 0-1: Swinging Strike 0-2: Strikes out swinging
|
Bottom of the 6th over - 0 runs, 0 hits, 0 errors, 1 left on base; Charlotte 2 - Fresno 0 |
TOP OF THE 7TH |
Charlotte Knights batting - Pitching for Fresno Grizzlies : RHP Bill Garcia
|
Batting: RHB Steve Waltenbery
|
0-0: Ball 1-0: SINGLE (Flyball, 56D, EV 85.6 MPH)
|
Batting: LHB John Thurman
|
0-0: Ball 1-0: Swinging Strike 1-1: Ball 2-1: Foul Ball, location: 2F 2-2: Foul Ball, location: 2F 2-2: Foul Ball, location: 2F 2-2: Foul Ball, location: 2F 2-2: Strikes out swinging
|
Batting: LHB Carlos Ramirez
|
0-0: Ball 1-0: Foul Ball, location: 2F 1-1: Swinging Strike 1-2: Fielders Choice at 2nd, 4-6 (Groundball, 4, EV 94.4 MPH)
|
Batting: LHB Joe Kirkland
|
0-0: Called Strike 0-1: Ball 1-1: Ground out U3 (Groundball, 3, EV 93.1 MPH)
|
Top of the 7th over - 0 runs, 1 hit, 0 errors, 1 left on base; Charlotte 2 - Fresno 0 |
BOTTOM OF THE 7TH |
Fresno Grizzlies batting - Pitching for Charlotte Knights : RHP Marvin Velasco
|
Now at 1B: Ron Johansen
|
|
Batting: RHB Elijah Hunter
|
0-0: DOUBLE (Line Drive, 7LM, EV 100.0 MPH)
|
Batting: SHB Troy Kenyon
|
0-0: Ball 1-0: DOUBLE (Flyball, 9LD, EV 105.0 MPH) Elijah Hunter scores
|
Batting: SHB Paskar Adegoke
|
0-0: Fly out, F7 (Flyball, 7D, EV 101.9 MPH) Runner from 2nd tags up, SAFE at 3rd, no throw by LF
|
Batting: RHB Xavier Castaneda
|
0-0: Ball 1-0: Ground out 5-3 (Groundball, 5S, EV 88.1 MPH)
|
Batting: RHB Edgar Trejo
|
0-0: Ball 1-0: SINGLE (Flyball, 8LS, EV 100.6 MPH) Troy Kenyon scores
|
Batting: RHB Workneh Lagat
|
0-0: Ball 1-0: Foul Ball, location: 2F 1-1: Ball 2-1: Ball 3-1: Called Strike 3-2: Foul Ball, location: 2F 3-2: SINGLE (Groundball, 34, EV 108.1 MPH) (infield hit) Edgar Trejo to second
|
Pitching: RHP Luis Castillo
|
|
Batting: SHB Bryan Johnston
|
0-0: Called Strike 0-1: SINGLE (Groundball, 13S, EV 68.1 MPH) (infield hit) Edgar Trejo to third Workneh Lagat to second
|
Batting: LHB Jimmy Edlin
|
0-0: Ball 1-0: Ball 2-0: Swinging Strike 2-1: Foul Ball, location: 2F 2-2: Foul Ball, location: 2F 2-2: Foul Ball, location: 2F 2-2: Strikes out swinging
|
Bottom of the 7th over - 2 runs, 5 hits, 0 errors, 3 left on base; Charlotte 2 - Fresno 2 |
TOP OF THE 8TH |
Charlotte Knights batting - Pitching for Fresno Grizzlies : RHP Bill Garcia
|
Pinch Hitting: LHB Jason Bell
|
0-0: Called Strike 0-1: Fly out, F8 (Line Drive, 8RD, EV 99.4 MPH)
|
Batting: SHB Matt Childers
|
0-0: Called Strike 0-1: Ball 1-1: Ball 2-1: SINGLE (Groundball, 6MD, EV 101.2 MPH)
|
Batting: LHB Ricardo Pagan
|
0-0: Ball 1-0: Ball 2-0: Ball 3-0: Base on Balls Matt Childers to second
|
Batting: LHB Adam Tarbutton
|
0-0: SINGLE (Flyball, 9S, EV 90.6 MPH) Matt Childers to third Ricardo Pagan to second
|
Pinch Hitting: LHB Alberto Carrasco
|
0-0: Ball 1-0: Fly out, F6 (Popup, 4, EV 58.8 MPH)
|
Batting: RHB Steve Waltenbery
|
0-0: Called Strike 0-1: Foul Ball, location: 2F 0-2: Ball 1-2: Strikes out swinging
|
Top of the 8th over - 0 runs, 2 hits, 0 errors, 3 left on base; Charlotte 2 - Fresno 2 |
BOTTOM OF THE 8TH |
Fresno Grizzlies batting - Pitching for Charlotte Knights : RHP Luis Castillo
|
Now at 2B: Steve Waltenbery
|
|
Now at SS: Micah Brown
|
|
Now in CF: John Thurman
|
|
Now in RF: Alberto Carrasco
|
|
Batting: RHB Marty King
|
0-0: Swinging Strike 0-1: Swinging Strike 0-2: Strikes out swinging
|
Batting: RHB Elijah Hunter
|
0-0: Called Strike 0-1: SINGLE (Flyball, 6D, EV 83.8 MPH)
|
Batting: SHB Troy Kenyon
|
0-0: Ball Elijah Hunter is caught stealing 2nd base 2-6 1-0: Foul Ball, location: 2F 1-1: Ground out 6-3 (Groundball, 6, EV 80.0 MPH)
|
Bottom of the 8th over - 0 runs, 1 hit, 0 errors, 0 left on base; Charlotte 2 - Fresno 2 |
TOP OF THE 9TH |
Charlotte Knights batting - Pitching for Fresno Grizzlies : RHP Bill Garcia
|
Pitching: RHP Josh Holloway
|
|
Batting: LHB John Thurman
|
0-0: Foul Ball, location: 2F 0-1: Called Strike 0-2: Strikes out looking
|
Batting: RHB Ron Johansen
|
0-0: Ball 1-0: Ball 2-0: Foul Ball, location: 2F 2-1: Foul Ball, location: 2F 2-2: Ball 3-2: Ground out 2-3 (Groundball, 15S, EV 68.1 MPH)
|
Batting: LHB Joe Kirkland
|
0-0: Ball 1-0: Ball 2-0: Ball 3-0: Foul Ball, location: 2F 3-1: Called Strike 3-2: Base on Balls
|
Batting: RHB Micah Brown
|
0-0: Called Strike Joe Kirkland is caught stealing 2nd base 2-4
|
Top of the 9th over - 0 runs, 0 hits, 0 errors, 0 left on base; Charlotte 2 - Fresno 2 |
BOTTOM OF THE 9TH |
Fresno Grizzlies batting - Pitching for Charlotte Knights : RHP Luis Castillo
|
Batting: SHB Paskar Adegoke
|
0-0: Ball 1-0: Called Strike 1-1: Ball 2-1: Called Strike 2-2: Foul Ball, location: 2F 2-2: Strikes out swinging
|
Batting: RHB Xavier Castaneda
|
0-0: Ball 1-0: SINGLE (Line Drive, 78M, EV 85.6 MPH)
|
Batting: RHB Edgar Trejo
|
0-0: Called Strike Xavier Castaneda steals 2nd base 0-1: Ball 1-1: Swinging Strike 1-2: Ball 2-2: Ball 3-2: Ground out 6-3 (Groundball, 6, EV 100.6 MPH)
|
Batting: RHB Workneh Lagat
|
0-0: Swinging Strike 0-1: Ball 1-1: SINGLE (Groundball, 34D, EV 104.4 MPH) Xavier Castaneda to third Runner from 3rd tries for Home, throw by RF and OUT! 9-2
|
Bottom of the 9th over - 0 runs, 2 hits, 0 errors, 1 left on base; Charlotte 2 - Fresno 2 |
TOP OF THE 10TH |
Charlotte Knights batting - Pitching for Fresno Grizzlies : RHP Josh Holloway
|
Batting: RHB Micah Brown
|
0-0: Called Strike 0-1: Foul Ball, location: 2F 0-2: Ball 1-2: Ball 2-2: Foul Ball, location: 2F 2-2: Foul Ball, location: 2F 2-2: Strikes out swinging
|
Batting: SHB Matt Childers
|
0-0: Swinging Strike 0-1: Foul Ball, location: 2F 0-2: Strikes out swinging
|
Batting: LHB Ricardo Pagan
|
0-0: Ball 1-0: Swinging Strike 1-1: Swinging Strike 1-2: Ball 2-2: Ground out 6-3 (Groundball, 6, EV 76.9 MPH)
|
Top of the 10th over - 0 runs, 0 hits, 0 errors, 0 left on base; Charlotte 2 - Fresno 2 |
BOTTOM OF THE 10TH |
Fresno Grizzlies batting - Pitching for Charlotte Knights : RHP Luis Castillo
|
Pitching: LHP Steven Wolf
|
|
Batting: SHB Bryan Johnston
|
0-0: Ball 1-0: Ground out U3 (Groundball, 34, EV 103.8 MPH)
|
Pinch Hitting: RHB Ramon Castellon
|
0-0: Swinging Strike 0-1: Swinging Strike 0-2: Ball 1-2: Ball 2-2: Ball 3-2: Strikes out swinging
|
Batting: RHB Marty King
|
0-0: Ball 1-0: Ground out 1-3 (Groundball, 34S, EV 74.4 MPH)
|
Bottom of the 10th over - 0 runs, 0 hits, 0 errors, 0 left on base; Charlotte 2 - Fresno 2 |
TOP OF THE 11TH |
Charlotte Knights batting - Pitching for Fresno Grizzlies : RHP Josh Holloway
|
Now at 1B: Ramon Castellon
|
|
Batting: LHB Adam Tarbutton
|
0-0: Foul Ball, location: 2F 0-1: Ball 1-1: Foul Ball, location: 2F 1-2: Ball 2-2: Ball 3-2: Strikes out swinging
|
Batting: LHB Alberto Carrasco
|
0-0: Ball 1-0: Called Strike 1-1: Ball 2-1: Ground out 3-1 (Groundball, 34, EV 77.5 MPH)
|
Batting: RHB Steve Waltenbery
|
0-0: Ball 1-0: Ball 2-0: Foul Ball, location: 2F 2-1: Ground out 5-3 (Groundball, 56, EV 81.9 MPH)
|
Top of the 11th over - 0 runs, 0 hits, 0 errors, 0 left on base; Charlotte 2 - Fresno 2 |
BOTTOM OF THE 11TH |
Fresno Grizzlies batting - Pitching for Charlotte Knights : LHP Steven Wolf
|
Batting: RHB Elijah Hunter
|
0-0: Called Strike 0-1: Swinging Strike 0-2: Ground out 6-3 (Groundball, 6, EV 88.1 MPH)
|
Batting: SHB Troy Kenyon
|
0-0: Called Strike 0-1: Ball 1-1: Ball 2-1: Called Strike 2-2: Ball 3-2: Base on Balls
|
Batting: SHB Paskar Adegoke
|
0-0: Foul Ball, location: 2F 0-1: Called Strike 0-2: Strikes out swinging
|
Batting: RHB Xavier Castaneda
|
0-0: Swinging Strike 0-1: Ball 1-1: Ball 2-1: Foul Ball, location: 2F 2-2: Ball 3-2: Strikes out looking
|
Bottom of the 11th over - 0 runs, 0 hits, 0 errors, 1 left on base; Charlotte 2 - Fresno 2 |
TOP OF THE 12TH |
Charlotte Knights batting - Pitching for Fresno Grizzlies : RHP Josh Holloway
|
Pitching: RHP Bobby Leija
|
|
Batting: LHB John Thurman
|
0-0: Called Strike 0-1: Fly out, F8 (Flyball, 8RD, EV 105.0 MPH)
|
Batting: RHB Ron Johansen
|
0-0: Ball 1-0: Called Strike 1-1: Fly out, F6 (Popup, 15S, EV 96.2 MPH)
|
Batting: LHB Joe Kirkland
|
0-0: Ball 1-0: Called Strike 1-1: Called Strike 1-2: Ball 2-2: SINGLE (Groundball, 34D, EV 101.9 MPH)
|
Batting: RHB Micah Brown
|
0-0: Fly out, F8 (Flyball, 8LM, EV 98.1 MPH)
|
Top of the 12th over - 0 runs, 1 hit, 0 errors, 1 left on base; Charlotte 2 - Fresno 2 |
BOTTOM OF THE 12TH |
Fresno Grizzlies batting - Pitching for Charlotte Knights : LHP Steven Wolf
|
Pitching: RHP Dave McGee
|
|
Batting: RHB Edgar Trejo
|
0-0: Swinging Strike 0-1: Ball 1-1: Foul Ball, location: 2F 1-2: Fly out, F7 (Flyball, 78M, EV 91.9 MPH)
|
Batting: RHB Workneh Lagat
|
0-0: Swinging Strike 0-1: Ball 1-1: Ground out 6-3 (Groundball, 6, EV 103.1 MPH)
|
Batting: SHB Bryan Johnston
|
0-0: Ball 1-0: Foul Ball, location: 2F 1-1: Ball 2-1: Foul Ball, location: 2F 2-2: Foul Ball, location: 2F 2-2: Ground out 4-3 (Groundball, 4, EV 111.2 MPH)
|
Bottom of the 12th over - 0 runs, 0 hits, 0 errors, 0 left on base; Charlotte 2 - Fresno 2 |
TOP OF THE 13TH |
Charlotte Knights batting - Pitching for Fresno Grizzlies : RHP Bobby Leija
|
Batting: SHB Matt Childers
|
0-0: Ball 1-0: Called Strike 1-1: Ball 2-1: Ground out U3 (Groundball, 3, EV 90.0 MPH)
|
Batting: LHB Ricardo Pagan
|
0-0: Ground out U3 (Groundball, 34S, EV 85.0 MPH)
|
Batting: LHB Adam Tarbutton
|
0-0: Called Strike 0-1: Foul Ball, location: 2F 0-2: Strikes out swinging
|
Top of the 13th over - 0 runs, 0 hits, 0 errors, 0 left on base; Charlotte 2 - Fresno 2 |
BOTTOM OF THE 13TH |
Fresno Grizzlies batting - Pitching for Charlotte Knights : RHP Dave McGee
|
Batting: RHB Ramon Castellon
|
0-0: Ball 1-0: Called Strike 1-1: Called Strike 1-2: Strikes out looking
|
Batting: RHB Marty King
|
0-0: Ball 1-0: Called Strike 1-1: Ball 2-1: Foul Ball, location: 2F 2-2: Fly out, F9 (Flyball, 9LD, EV 93.1 MPH)
|
Batting: RHB Elijah Hunter
|
0-0: Foul Ball, location: 2F 0-1: SINGLE (Groundball, 56D, EV 95.0 MPH)
|
Batting: SHB Troy Kenyon
|
0-0: Called Strike 0-1: Ball 1-1: Ball 2-1: Called Strike 2-2: Ball 3-2: Foul Ball, location: 2F 3-2: Strikes out looking
|
Bottom of the 13th over - 0 runs, 1 hit, 0 errors, 1 left on base; Charlotte 2 - Fresno 2 |
TOP OF THE 14TH |
Charlotte Knights batting - Pitching for Fresno Grizzlies : RHP Bobby Leija
|
Batting: LHB Alberto Carrasco
|
0-0: Called Strike 0-1: SINGLE (Groundball, P, EV 91.2 MPH) (infield hit)
|
Batting: RHB Steve Waltenbery
|
0-0: Called Strike 0-1: Bunt missed! 0-2: Ground out 6-3 (Groundball, 56, EV 100.6 MPH) Alberto Carrasco to second
|
Batting: LHB John Thurman
|
0-0: Ball 1-0: Ground out 4-3 (Groundball, 34D, EV 85.0 MPH) Alberto Carrasco to third
|
Batting: RHB Ron Johansen
|
0-0: Called Strike 0-1: Ball 1-1: Reached on error, E6 (Groundball, 6, EV 82.5 MPH) Alberto Carrasco scores
|
Batting: LHB Joe Kirkland
|
0-0: Ball 1-0: Ball 2-0: Called Strike Ron Johansen is caught stealing 2nd base 2-6
|
Top of the 14th over - 1 run, 1 hit, 1 error, 0 left on base; Charlotte 3 - Fresno 2 |
BOTTOM OF THE 14TH |
Fresno Grizzlies batting - Pitching for Charlotte Knights : RHP Dave McGee
|
Batting: SHB Paskar Adegoke
|
0-0: Called Strike 0-1: Ball 1-1: Swinging Strike 1-2: Ball 2-2: Ball 3-2: Fly out, F7 (Flyball, 7D, EV 102.5 MPH)
|
Batting: RHB Xavier Castaneda
|
0-0: Ball 1-0: Ball 2-0: Swinging Strike 2-1: Fly out, F8 (Flyball, 8LD, EV 100.6 MPH)
|
Batting: RHB Edgar Trejo
|
0-0: Ball 1-0: Fly out, F9 (Flyball, 89S, EV 95.0 MPH)
|
Bottom of the 14th over - 0 runs, 0 hits, 0 errors, 0 left on base; Charlotte 3 - Fresno 2 |
|